Rangers vs Canucks
Created - March 22, 2021 at 20:28
Goals
|
Rangers |
1 |
3 |
0 |
4 |
Canucks |
0 |
1 |
0 |
1 |
|
Shots
|
Rangers |
12 |
11 |
6 |
29 |
Canucks |
12 |
8 |
12 |
32 |
|
1st period
1. Rangers , Milan Lucic 35 (Cam Barker 25) at 7:34 (PP)
Penalties :
Kurtis Foster (Van) for Hooking (Minor) at 7:16, Milan Lucic (NYR) for Slashing (Minor) at 14:32
2nd period
2. Rangers , Patrice Bergeron 28 (Milan Lucic 53) at 8:38 (PP)
3. Rangers , Tomas Hertl 18 (Rostislav Olesz 20) at 13:09
4. Canucks , Loui Eriksson 16 (Robert Nilsson 42, Daniel Sedin 8) at 18:48 (PP)
5. Rangers , Patrice Bergeron 29 (Milan Lucic 54, Luke Schenn 30) at 18:57
Penalties :
Ryane Clowe (Van) for High sticking (Minor) at 8:28, Seth Helgeson (Van) for Holding (Minor) at 10:34, Rostislav Olesz (NYR) for Holding (Minor) at 18:33, Seth Helgeson (Van) for Hooking (Minor) at 19:21
3rd period
No Goal
Penalties :
Jason Akeson (Van) for Holding (Minor) at 4:02, Andrei Kostitsyn (NYR) for Hooking (Minor) at 11:19
Goalie Stats
Frederik Andersen (NYR), 31 saves from 32 shots - (0.969), W, 22-27-3, 60:00 minutes
Kari Lehtonen (Van), 25 saves from 29 shots - (0.862), L, 19-16-2, 60:00 minutes
Players Stats for Rangers
Player Name G A P +/- PIM S H SB GA TA FO MP PP MP PK MP
------------------------------------------------------------------------------------
Andrei Kostitsyn 0 0 0 0 2 1 4 0 0 0 0/1 17:35 2:24 0:47
Cam Barker 0 1 1 1 0 0 0 4 1 0 0/0 28:45 4:11 2:19
Chris Bourque 0 0 0 0 0 2 1 0 2 0 1/1 8:30 0:00 1:23
Devante Smith-Pelly 0 0 0 0 0 0 0 0 0 0 0/0 7:07 0:00 0:00
Dmitry Kulikov 0 0 0 0 0 1 2 1 1 0 0/0 19:16 2:14 1:54
Kyle Okposo 0 0 0 1 0 3 0 0 0 1 0/2 20:39 4:01 0:31
Luke Schenn 0 1 1 1 0 2 2 2 0 1 0/0 28:45 4:11 2:19
Mark Fistric 0 0 0 0 0 1 0 0 0 0 0/0 19:16 2:14 1:54
Matt Delahey 0 0 0 1 0 0 0 0 0 1 0/0 11:59 0:00 0:00
Maxime Sauvé 0 0 0 0 0 0 0 0 1 0 2/3 7:07 0:00 0:00
Milan Lucic 1 2 3 1 2 3 7 0 0 0 3/4 21:43 4:01 1:14
Patrice Bergeron 2 0 2 1 0 5 3 1 0 0 12/36 22:47 4:01 2:17
Patrik Nemeth 0 0 0 1 0 0 1 0 1 0 0/0 11:59 0:00 0:00
Rostislav Olesz 0 1 1 1 2 1 0 0 0 0 0/1 12:00 0:00 0:24
Ryan Strome 0 0 0 1 0 2 0 0 0 1 0/1 11:37 0:00 0:00
Sean Couturier 0 0 0 0 0 2 2 0 1 1 6/15 18:11 2:24 1:32
Steve Quailer 0 0 0 0 0 3 2 1 0 0 0/0 16:33 2:24 0:00
Tomas Hertl 1 0 1 1 0 3 1 0 0 0 3/7 11:55 0:00 0:18
Players Stats for Canucks
Player Name G A P +/- PIM S H SB GA TA FO MP PP MP PK MP
------------------------------------------------------------------------------------
Andy Rogers 0 0 0 0 0 0 0 3 0 0 0/0 2:06 0:00 0:00
Brad Boyes 0 0 0 -1 0 1 1 1 0 1 0/0 13:18 1:58 0:00
Brandon Sutter 0 0 0 0 0 2 0 3 0 0 11/15 16:17 1:58 1:24
Daniel Sedin 0 1 1 0 0 0 1 0 1 0 0/0 16:20 2:15 2:09
James Wright 0 0 0 -1 0 3 2 0 0 0 8/11 10:56 0:00 0:00
Jason Akeson 0 0 0 -1 2 4 1 0 0 0 1/1 17:37 0:00 0:00
Jeremy Morin 0 0 0 -1 0 2 1 0 1 1 0/1 19:20 1:58 0:00
Jonathan Blum 0 0 0 0 0 2 0 2 0 1 0/0 23:46 0:52 4:08
Kurtis Foster 0 0 0 -2 2 2 1 0 0 0 0/0 22:23 1:37 2:17
Ladislav Smid 0 0 0 0 0 1 3 2 0 0 0/0 27:45 2:36 4:12
Lane MacDermid 0 0 0 0 0 1 1 0 0 0 0/0 9:06 0:00 0:04
Loui Eriksson 1 0 1 0 0 2 2 1 3 1 1/2 18:14 2:15 4:03
Mike Komisarek 0 0 0 0 0 1 0 1 0 1 0/0 16:19 1:37 2:13
Rob Schremp 0 0 0 0 0 1 3 0 0 0 1/4 8:56 0:00 0:00
Robert Nilsson 0 1 1 -1 0 7 2 1 0 2 21/36 23:38 2:15 4:02
Ryane Clowe 0 0 0 -1 2 0 2 0 0 0 1/1 12:09 0:00 1:08
Seth Helgeson 0 0 0 -2 4 1 1 3 0 0 0/0 26:24 1:44 0:00
Spencer Machacek 0 0 0 0 0 2 0 1 0 0 0/0 8:56 0:00 0:00
3 Stars
1 - Milan Lucic (NYR)
2 - Patrice Bergeron (NYR)
3 - Frederik Andersen (NYR)
Power Play
Rangers - 2 on 5 Attempt(s) - 40.00%
Canucks - 1 on 3 Attempt(s) - 33.33%
Penalty Kill
Rangers - 2 on 3 Attempt(s) - 66.67%
- Score 0 goal in Penalty Kill
Canucks - 3 on 5 Attempt(s) - 60.00%
- Score 0 goal in Penalty Kill
Team Stat
Rangers - Hits : 25 - Faceoff Wins : 27 - Blocked Shots : 9 - Penalty Minutes : 6
Canucks - Hits : 21 - Faceoff Wins : 44 - Blocked Shots : 18 - Penalty Minutes : 10
Official
Referees : Unknown
Linesman : Unknown
Game Notes
Andy Rogers is injured at 5:19 of 1st period (Sprained Right Finger)
Finance
Level 1 -- Attendance: 5670 (94.50%) -- Ticket Income $470,610
Level 2 -- Attendance: 5000 (100.00%) -- Ticket Income $245,000
Level 3 -- Attendance: 1970 (98.50%) -- Ticket Income $66,980
Level 4 -- Attendance: 3950 (98.75%) -- Ticket Income $67,150
Luxury Box -- Attendance: 1000 (100.00%) -- Ticket Income $98,000
Game was played at the Budweiser Coliseum.
Total Attendance: 17590 (97.72%)
Total Ticket Income: $947,740
Other Income: $142,161
Total Income: $1,089,901
Rangers
5 vs 5 Forward
Center Left Wing Right Wing Time % Phy DF OF
1 Patrice Bergeron Milan Lucic Kyle Okposo 40 1 2 2
2 Sean Couturier Andrei Kostitsyn Steve Quailer 30 1 2 2
3 Tomas Hertl Rostislav Olesz Ryan Strome 20 1 2 2
4 Maxime Sauvé Chris Bourque Devante Smith-Pelly 10 1 2 2
5 vs 5 Defense
Defense Defense Time % Phy DF OF
1 Luke Schenn Cam Barker 40 1 2 2
2 Mark Fistric Dmitry Kulikov 30 1 2 2
3 Patrik Nemeth Matt Delahey 20 1 2 2
4 Luke Schenn Cam Barker 10 1 2 2
PowerPlay Forward
Center Left Wing Right Wing Time % Phy DF OF
1 Patrice Bergeron Milan Lucic Kyle Okposo 60 1 2 2
2 Sean Couturier Andrei Kostitsyn Steve Quailer 40 1 2 2
PowerPlay Defense
Defense Defense Time % Phy DF OF
1 Luke Schenn Cam Barker 60 1 2 2
2 Mark Fistric Dmitry Kulikov 40 1 2 2
Penalty Kill 4 Players Forward
Center Wing Time % Phy DF OF
1 Milan Lucic Patrice Bergeron 60 1 2 2
2 Sean Couturier Kyle Okposo 40 1 2 2
Penalty Kill 4 Players Defense
Defense Defense Time % Phy DF OF
1 Luke Schenn Cam Barker 60 1 2 2
2 Mark Fistric Dmitry Kulikov 40 1 2 2
Penalty Kill - 3 Players Forward
Forward Time % Phy DF OF
1 Milan Lucic 60 1 2 2
2 Patrice Bergeron 40 1 2 2
Penalty Kill - 3 Players Defense
Defense Defense Time % Phy DF OF
1 Luke Schenn Cam Barker 60 1 2 2
2 Mark Fistric Dmitry Kulikov 40 1 2 2
4 vs 4 Forward
Center Wing Time % Phy DF OF
1 Milan Lucic Patrice Bergeron 60 1 2 2
2 Sean Couturier Kyle Okposo 40 1 2 2
4 vs 4 Defense
Defense Defense Time % Phy DF OF
1 Luke Schenn Cam Barker 60 1 2 2
2 Mark Fistric Dmitry Kulikov 40 1 2 2
Last Minutes Offensive
Center Left Wing Right Wing Defense Defense
Patrice Bergeron Milan Lucic Kyle Okposo Luke Schenn Cam Barker
Last Minutes Defensive
Center Left Wing Right Wing Defense Defense
Patrice Bergeron Milan Lucic Kyle Okposo Luke Schenn Cam Barker
Goaltenders
Starting : Frederik Andersen
Backup : Mike Condon
Extra Forwards
Normal : Rostislav Olesz, Tomas Hertl, Chris Bourque - PP : Rostislav Olesz, Tomas Hertl - PK : Chris Bourque
Extra Defensemen
Normal : Patrik Nemeth, Matt Delahey, Mark Fistric - PP : Patrik Nemeth - PK : Matt Delahey, Mark Fistric
Penalty Shots
Milan Lucic, Patrice Bergeron, Sean Couturier, Kyle Okposo, Andrei Kostitsyn
Scratches
Magnus Paajarvi (Healthy)
Canucks
5 vs 5 Forward
Center Left Wing Right Wing Time % Phy DF OF
1 Robert Nilsson Jeremy Morin Jason Akeson 40 1 2 2
2 Brandon Sutter Daniel Sedin Loui Eriksson 30 1 2 2
3 James Wright Ryane Clowe Brad Boyes 20 1 2 2
4 Rob Schremp Lane MacDermid Spencer Machacek 10 1 2 2
5 vs 5 Defense
Defense Defense Time % Phy DF OF
1 Ladislav Smid Andy Rogers 40 1 2 2
2 Kurtis Foster Seth Helgeson 30 1 2 2
3 Mike Komisarek Jonathan Blum 20 1 2 2
4 Ladislav Smid Andy Rogers 10 1 2 2
PowerPlay Forward
Center Left Wing Right Wing Time % Phy DF OF
1 Robert Nilsson Daniel Sedin Loui Eriksson 60 1 2 2
2 Brandon Sutter Jeremy Morin Brad Boyes 40 1 2 2
PowerPlay Defense
Defense Defense Time % Phy DF OF
1 Ladislav Smid Andy Rogers 60 1 2 2
2 Kurtis Foster Mike Komisarek 40 1 2 2
Penalty Kill 4 Players Forward
Center Wing Time % Phy DF OF
1 Robert Nilsson Loui Eriksson 60 1 2 2
2 Brandon Sutter Daniel Sedin 40 1 2 2
Penalty Kill 4 Players Defense
Defense Defense Time % Phy DF OF
1 Ladislav Smid Andy Rogers 60 1 2 2
2 Kurtis Foster Mike Komisarek 40 1 2 2
Penalty Kill - 3 Players Forward
Forward Time % Phy DF OF
1 Robert Nilsson 60 1 2 2
2 Loui Eriksson 40 1 2 2
Penalty Kill - 3 Players Defense
Defense Defense Time % Phy DF OF
1 Ladislav Smid Andy Rogers 60 1 2 2
2 Kurtis Foster Mike Komisarek 40 1 2 2
4 vs 4 Forward
Center Wing Time % Phy DF OF
1 Robert Nilsson Loui Eriksson 60 1 2 2
2 Brandon Sutter Daniel Sedin 40 1 2 2
4 vs 4 Defense
Defense Defense Time % Phy DF OF
1 Ladislav Smid Andy Rogers 60 1 2 2
2 Kurtis Foster Mike Komisarek 40 1 2 2
Last Minutes Offensive
Center Left Wing Right Wing Defense Defense
Robert Nilsson Daniel Sedin Loui Eriksson Ladislav Smid Andy Rogers
Last Minutes Defensive
Center Left Wing Right Wing Defense Defense
Robert Nilsson Daniel Sedin Loui Eriksson Ladislav Smid Andy Rogers
Goaltenders
Starting : Kari Lehtonen
Backup : Braden Holtby
Extra Forwards
Normal : Jason Akeson, Rob Schremp, Ryane Clowe - PP : Jason Akeson, Rob Schremp - PK : Ryane Clowe
Extra Defensemen
Normal : Seth Helgeson, Jonathan Blum, Kurtis Foster - PP : Seth Helgeson - PK : Jonathan Blum, Kurtis Foster
Penalty Shots
Robert Nilsson, Loui Eriksson, Brandon Sutter, Daniel Sedin, Brad Boyes
Scratches
Steve Eminger (Torn Left MCL Injury)
% Time on Ice - Rangers
Lines # - Real PCT - Wanted PCT - Time Play
Normal Forward
1 - 33% - 40% - 16:29
2 - 29% - 30% - 14:09
3 - 24% - 20% - 11:37
4 - 14% - 10% - 7:07
Normal Defense
1 - 40% - 40% - 19:54
2 - 31% - 30% - 15:08
3 - 24% - 20% - 11:59
4 - 5% - 10% - 2:21
PP Forward
1 - 63% - 60% - 4:01
2 - 37% - 40% - 2:24
PP Defense
1 - 65% - 60% - 4:11
2 - 35% - 40% - 2:14
PK Forward
1 - 88% - 60% - 3:42
2 - 12% - 40% - 0:31
PK Defense
1 - 55% - 60% - 2:19
2 - 45% - 40% - 1:54
PK3 Forward
1 - 0% - 60%
2 - 0% - 40%
PK3 Defense
1 - 0% - 60%
2 - 0% - 40%
44 Forward
1 - 0% - 60%
2 - 0% - 40%
44 Defense
1 - 0% - 60%
2 - 0% - 40%
Last Minute Offensive - 0:00
Last Minute Defensive - 0:00
Total
Forward - 60:00
Defense - 60:00
|
% Time on Ice - Canucks
Lines # - Real PCT - Wanted PCT - Time Play
Normal Forward
1 - 35% - 40% - 17:27
2 - 24% - 30% - 12:03
3 - 22% - 20% - 10:56
4 - 18% - 10% - 8:56
Normal Defense
1 - 43% - 40% - 21:20
2 - 26% - 30% - 12:53
3 - 24% - 20% - 11:59
4 - 6% - 10% - 3:10
PP Forward
1 - 53% - 60% - 2:15
2 - 47% - 40% - 1:58
PP Defense
1 - 62% - 60% - 2:36
2 - 38% - 40% - 1:37
PK Forward
1 - 83% - 60% - 5:18
2 - 17% - 40% - 1:07
PK Defense
1 - 68% - 60% - 4:22
2 - 32% - 40% - 2:03
PK3 Forward
1 - 0% - 60%
2 - 0% - 40%
PK3 Defense
1 - 0% - 60%
2 - 0% - 40%
44 Forward
1 - 0% - 60%
2 - 0% - 40%
44 Defense
1 - 0% - 60%
2 - 0% - 40%
Last Minute Offensive - 0:00
Last Minute Defensive - 0:00
Total
Forward - 60:00
Defense - 60:00
|
Play-by-Play
1st period
0:01 of 1st period - Patrice Bergeron wins face-off versus Robert Nilsson in neutral zone.
0:04 of 1st period - Robert Nilsson is hit by Milan Lucic and loses puck.
0:32 of 1st period - Slapshot by Steve Quailer.
0:32 of 1st period - Shot Misses the Net.
0:52 of 1st period - Rostislav Olesz is hit by James Wright and loses puck.
1:09 of 1st period - Slapshot by Spencer Machacek.
1:09 of 1st period - Shot Blocked by Dmitry Kulikov.
1:21 of 1st period - Devante Smith-Pelly is hit by Rob Schremp and loses puck.
1:50 of 1st period - Jonathan Blum is hit by Milan Lucic and loses puck.
2:09 of 1st period - Slapshot by Luke Schenn.
2:09 of 1st period - Stopped by Kari Lehtonen with a rebound.
2:34 of 1st period - Wrist shot by James Wright.
2:34 of 1st period - Stopped by Frederik Andersen without a rebound.
2:35 of 1st period - Robert Nilsson wins face-off versus Patrice Bergeron in Rangers zone.
2:38 of 1st period - Snap shot by Robert Nilsson.
2:38 of 1st period - Stopped by Frederik Andersen with a rebound.
2:41 of 1st period - Icing by Luke Schenn.
2:42 of 1st period - Patrice Bergeron wins face-off versus Robert Nilsson in Rangers zone.
2:42 of 1st period - Milan Lucic is hit by Robert Nilsson and loses puck.
3:00 of 1st period - Off-side.
3:01 of 1st period - Brandon Sutter wins face-off versus Sean Couturier in neutral zone.
3:12 of 1st period - Snap shot by Andrei Kostitsyn.
3:12 of 1st period - Deflect By Sean Couturier.
3:12 of 1st period - Stopped by Kari Lehtonen without a rebound.
3:13 of 1st period - James Wright wins face-off versus Tomas Hertl in Canucks zone.
4:20 of 1st period - Lane MacDermid is hit by Steve Quailer and loses puck.
5:13 of 1st period - Slapshot by Patrice Bergeron.
5:13 of 1st period - Shot Misses the Net.
5:15 of 1st period - Wrist shot by Kyle Okposo.
5:15 of 1st period - Shot Blocked by Andy Rogers.
5:17 of 1st period - Backhand shot by Milan Lucic.
5:17 of 1st period - Shot Blocked by Andy Rogers.
5:19 of 1st period - Backhand shot by Patrice Bergeron.
5:19 of 1st period - Shot Blocked by Andy Rogers.
5:19 of 1st period - Andy Rogers from Canucks is injured at 5:19 of 1st period (Sprained Right Finger).
5:20 of 1st period - Patrice Bergeron wins face-off versus Robert Nilsson in Canucks zone.
5:27 of 1st period - Wrist shot by Robert Nilsson.
5:27 of 1st period - Deflect By Jeremy Morin.
5:27 of 1st period - Shot Misses the Net.
5:27 of 1st period - Puck is out of play.
5:28 of 1st period - Robert Nilsson wins face-off versus Patrice Bergeron in Rangers zone.
5:31 of 1st period - Wrist shot by Jason Akeson.
5:31 of 1st period - Stopped by Frederik Andersen without a rebound.
5:32 of 1st period - Robert Nilsson wins face-off versus Sean Couturier in Rangers zone.
5:41 of 1st period - Slapshot by Robert Nilsson.
5:41 of 1st period - Shot Misses the Net.
5:47 of 1st period - Snap shot by Jason Akeson.
5:47 of 1st period - Shot Misses the Net.
6:08 of 1st period - Wrist shot by Milan Lucic.
6:08 of 1st period - Deflect By Patrice Bergeron.
6:08 of 1st period - Shot Blocked by Seth Helgeson.
6:08 of 1st period - Puck is out of play.
6:09 of 1st period - James Wright wins face-off versus Tomas Hertl in Canucks zone.
6:09 of 1st period - James Wright is hit by Patrik Nemeth.
6:15 of 1st period - Tomas Hertl is hit by Ryane Clowe and loses puck.
7:01 of 1st period - Slapshot by Luke Schenn.
7:01 of 1st period - Stopped by Kari Lehtonen without a rebound.
7:02 of 1st period - Brandon Sutter wins face-off versus Maxime Sauvé in Canucks zone.
7:13 of 1st period - Snap shot by Chris Bourque.
7:13 of 1st period - Stopped by Kari Lehtonen without a rebound.
7:14 of 1st period - Brandon Sutter wins face-off versus Andrei Kostitsyn in Canucks zone.
7:16 of 1st period - Minor Penalty to Kurtis Foster for Hooking.
7:17 of 1st period - Robert Nilsson wins face-off versus Patrice Bergeron in Canucks zone.
7:25 of 1st period - Ladislav Smid is hit by Milan Lucic and loses puck.
7:34 of 1st period - Wrist shot by Milan Lucic.
7:34 of 1st period - Goal by Milan Lucic - Rangers : 1 - Canucks : 0.
7:35 of 1st period - Brandon Sutter wins face-off versus Sean Couturier in neutral zone.
8:01 of 1st period - Jason Akeson is hit by Patrice Bergeron and loses puck.
8:08 of 1st period - Snap shot by Milan Lucic.
8:08 of 1st period - Shot Blocked by Seth Helgeson.
8:10 of 1st period - Snap shot by Milan Lucic.
8:10 of 1st period - Stopped by Kari Lehtonen with a rebound.
8:12 of 1st period - Wrist shot by Patrice Bergeron.
8:12 of 1st period - Stopped by Kari Lehtonen with a rebound.
8:14 of 1st period - Slapshot by Dmitry Kulikov.
8:14 of 1st period - Stopped by Kari Lehtonen with a rebound.
8:26 of 1st period - Snap shot by Spencer Machacek.
8:26 of 1st period - Shot Misses the Net.
9:06 of 1st period - James Wright is hit by Dmitry Kulikov and loses puck.
9:31 of 1st period - Slapshot by Kyle Okposo.
9:31 of 1st period - Stopped by Kari Lehtonen with a rebound.
9:33 of 1st period - Wrist shot by Patrice Bergeron.
9:33 of 1st period - Stopped by Kari Lehtonen with a rebound.
9:37 of 1st period - Wrist shot by Patrice Bergeron.
9:37 of 1st period - Shot Misses the Net.
10:01 of 1st period - Snap shot by Jason Akeson.
10:01 of 1st period - Stopped by Frederik Andersen without a rebound.
10:02 of 1st period - Brandon Sutter wins face-off versus Sean Couturier in Rangers zone.
10:09 of 1st period - Wrist shot by Brandon Sutter.
10:09 of 1st period - Stopped by Frederik Andersen with a rebound.
10:11 of 1st period - Wrist shot by Brandon Sutter.
10:11 of 1st period - Stopped by Frederik Andersen without a rebound.
10:12 of 1st period - Brandon Sutter wins face-off versus Patrice Bergeron in Rangers zone.
10:21 of 1st period - Backhand shot by Brandon Sutter.
10:21 of 1st period - Shot Misses the Net.
10:23 of 1st period - Slapshot by Kurtis Foster.
10:23 of 1st period - Stopped by Frederik Andersen without a rebound.
10:24 of 1st period - Milan Lucic wins face-off versus James Wright in Rangers zone.
10:37 of 1st period - Wrist shot by Kyle Okposo.
10:37 of 1st period - Shot Blocked by Brad Boyes.
10:51 of 1st period - Andrei Kostitsyn is hit by Lane MacDermid and loses puck.
11:20 of 1st period - Wrist shot by Rostislav Olesz.
11:20 of 1st period - Stopped by Kari Lehtonen without a rebound.
11:21 of 1st period - Brandon Sutter wins face-off versus Ryan Strome in Canucks zone.
11:39 of 1st period - Off-side.
11:40 of 1st period - Robert Nilsson wins face-off versus Patrice Bergeron in neutral zone.
11:56 of 1st period - Snap shot by Patrice Bergeron.
11:56 of 1st period - Deflect By Kyle Okposo.
11:56 of 1st period - Shot Misses the Net.
11:56 of 1st period - Puck is out of play.
11:57 of 1st period - James Wright wins face-off versus Sean Couturier in Canucks zone.
12:08 of 1st period - Snap shot by James Wright.
12:08 of 1st period - Shot Blocked by Cam Barker.
12:10 of 1st period - Slapshot by Seth Helgeson.
12:10 of 1st period - Stopped by Frederik Andersen without a rebound.
12:11 of 1st period - Brandon Sutter wins face-off versus Kyle Okposo in Rangers zone.
12:43 of 1st period - Snap shot by Steve Quailer.
12:43 of 1st period - Deflect By Sean Couturier.
12:43 of 1st period - Stopped by Kari Lehtonen with a rebound.
12:54 of 1st period - Robert Nilsson is hit by Sean Couturier and loses puck.
13:39 of 1st period - Spencer Machacek is hit by Chris Bourque.
13:53 of 1st period - Patrice Bergeron is hit by Ladislav Smid and loses puck.
14:15 of 1st period - Snap shot by Robert Nilsson.
14:15 of 1st period - Stopped by Frederik Andersen without a rebound.
14:16 of 1st period - Jason Akeson wins face-off versus Sean Couturier in Rangers zone.
14:29 of 1st period - Wrist shot by Robert Nilsson.
14:29 of 1st period - Stopped by Frederik Andersen without a rebound.
14:30 of 1st period - Patrice Bergeron wins face-off versus Robert Nilsson in Rangers zone.
14:32 of 1st period - Minor Penalty to Milan Lucic for Slashing.
14:33 of 1st period - Chris Bourque wins face-off versus Robert Nilsson in Rangers zone.
14:33 of 1st period - Chris Bourque is hit by Daniel Sedin.
16:32 of 1st period - Penalty to Milan Lucic is over, Milan Lucic is back on ice.
17:51 of 1st period - Jeremy Morin is hit by Andrei Kostitsyn and loses puck.
18:18 of 1st period - Mark Fistric is hit by Loui Eriksson and loses puck.
18:36 of 1st period - Devante Smith-Pelly is hit by Brad Boyes.
18:48 of 1st period - Rob Schremp is hit by Luke Schenn and loses puck.
18:57 of 1st period - Cam Barker is hit by Kurtis Foster and loses puck.
19:20 of 1st period - Snap shot by Rob Schremp.
19:20 of 1st period - Stopped by Frederik Andersen with a rebound.
19:30 of 1st period - Slapshot by Lane MacDermid.
19:30 of 1st period - Stopped by Frederik Andersen without a rebound.
19:31 of 1st period - Robert Nilsson wins face-off versus Patrice Bergeron in Rangers zone.
19:40 of 1st period - Snap shot by Milan Lucic.
19:40 of 1st period - Shot Blocked by Brandon Sutter.
Goals for this period are 1 for Rangers vs 0 for Canucks.
Shots for this period are 12 for Rangers vs 12 for Canucks.
2nd period
0:01 of 2nd period - Robert Nilsson wins face-off versus Kyle Okposo in neutral zone.
0:50 of 2nd period - Snap shot by Tomas Hertl.
0:50 of 2nd period - Stopped by Kari Lehtonen without a rebound.
0:51 of 2nd period - James Wright wins face-off versus Milan Lucic in Canucks zone.
1:06 of 2nd period - Snap shot by Brad Boyes.
1:06 of 2nd period - Deflect By James Wright.
1:06 of 2nd period - Shot Misses the Net.
1:06 of 2nd period - Puck is out of play.
1:07 of 2nd period - Robert Nilsson wins face-off versus Sean Couturier in Rangers zone.
1:22 of 2nd period - Wrist shot by Robert Nilsson.
1:22 of 2nd period - Stopped by Frederik Andersen without a rebound.
1:23 of 2nd period - Brandon Sutter wins face-off versus Patrice Bergeron in Rangers zone.
1:50 of 2nd period - Ladislav Smid is hit by Andrei Kostitsyn and loses puck.
2:11 of 2nd period - Snap shot by Tomas Hertl.
2:11 of 2nd period - Stopped by Kari Lehtonen without a rebound.
2:12 of 2nd period - James Wright wins face-off versus Rostislav Olesz in Canucks zone.
2:21 of 2nd period - Slapshot by Jonathan Blum.
2:21 of 2nd period - Stopped by Frederik Andersen with a rebound.
2:23 of 2nd period - Slapshot by Jonathan Blum.
2:23 of 2nd period - Shot Blocked by Cam Barker.
2:25 of 2nd period - Slapshot by Mike Komisarek.
2:25 of 2nd period - Stopped by Frederik Andersen with a rebound.
3:13 of 2nd period - Wrist shot by Kyle Okposo.
3:13 of 2nd period - Shot Misses the Net.
3:23 of 2nd period - Snap shot by Andrei Kostitsyn.
3:23 of 2nd period - Shot Misses the Net.
3:25 of 2nd period - Slapshot by Dmitry Kulikov.
3:25 of 2nd period - Shot Misses the Net.
3:27 of 2nd period - Snap shot by Steve Quailer.
3:27 of 2nd period - Stopped by Kari Lehtonen without a rebound.
3:28 of 2nd period - James Wright wins face-off versus Sean Couturier in Canucks zone.
3:28 of 2nd period - James Wright is hit by Steve Quailer.
3:44 of 2nd period - Wrist shot by Ryane Clowe.
3:44 of 2nd period - Shot Misses the Net.
5:00 of 2nd period - Slapshot by Ryane Clowe.
5:00 of 2nd period - Deflect By Brad Boyes.
5:00 of 2nd period - Stopped by Frederik Andersen with a rebound.
6:13 of 2nd period - Backhand shot by Patrik Nemeth.
6:13 of 2nd period - Shot Blocked by Seth Helgeson.
6:39 of 2nd period - Milan Lucic is hit by Jason Akeson and loses puck.
7:07 of 2nd period - Loui Eriksson is hit by Tomas Hertl and loses puck.
7:47 of 2nd period - Seth Helgeson is hit by Patrice Bergeron and loses puck.
8:08 of 2nd period - James Wright is hit by Luke Schenn and loses puck.
8:17 of 2nd period - Ladislav Smid is hit by Andrei Kostitsyn and loses puck.
8:28 of 2nd period - Minor Penalty to Ryane Clowe for High sticking.
8:29 of 2nd period - Patrice Bergeron wins face-off versus Robert Nilsson in Canucks zone.
8:34 of 2nd period - Wrist shot by Patrice Bergeron.
8:34 of 2nd period - Shot Blocked by Loui Eriksson.
8:36 of 2nd period - Snap shot by Patrice Bergeron.
8:36 of 2nd period - Shot Misses the Net.
8:38 of 2nd period - Snap shot by Patrice Bergeron.
8:38 of 2nd period - Goal by Patrice Bergeron - Rangers : 2 - Canucks : 0.
8:39 of 2nd period - Robert Nilsson wins face-off versus Patrice Bergeron in neutral zone.
8:48 of 2nd period - Slapshot by Jonathan Blum.
8:48 of 2nd period - Shot Misses the Net.
9:24 of 2nd period - Off-side.
9:25 of 2nd period - James Wright wins face-off versus Tomas Hertl in neutral zone.
9:51 of 2nd period - Kurtis Foster is hit by Milan Lucic and loses puck.
10:18 of 2nd period - Matt Delahey is hit by Ladislav Smid and loses puck.
10:34 of 2nd period - Minor Penalty to Seth Helgeson for Holding.
10:35 of 2nd period - Robert Nilsson wins face-off versus Patrice Bergeron in Canucks zone.
10:35 of 2nd period - Robert Nilsson is hit by Patrice Bergeron.
10:46 of 2nd period - Slapshot by Luke Schenn.
10:46 of 2nd period - Deflect By Kyle Okposo.
10:46 of 2nd period - Shot Misses the Net.
10:46 of 2nd period - Puck is out of play.
10:47 of 2nd period - Milan Lucic wins face-off versus Robert Nilsson in Canucks zone.
11:49 of 2nd period - Mike Komisarek is hit by Milan Lucic and loses puck.
12:34 of 2nd period - Penalty to Seth Helgeson is over, Seth Helgeson is back on ice.
13:00 of 2nd period - Spencer Machacek is hit by Dmitry Kulikov and loses puck.
13:09 of 2nd period - Slapshot by Tomas Hertl.
13:09 of 2nd period - Goal by Tomas Hertl - Rangers : 3 - Canucks : 0.
13:10 of 2nd period - Robert Nilsson wins face-off versus Patrice Bergeron in neutral zone.
13:25 of 2nd period - Dmitry Kulikov is hit by Jeremy Morin and loses puck.
14:43 of 2nd period - Maxime Sauvé is hit by Seth Helgeson.
15:18 of 2nd period - Wrist shot by Jason Akeson.
15:18 of 2nd period - Stopped by Frederik Andersen without a rebound.
15:19 of 2nd period - Sean Couturier wins face-off versus Robert Nilsson in Rangers zone.
15:24 of 2nd period - Robert Nilsson is hit by Sean Couturier.
15:30 of 2nd period - Snap shot by Steve Quailer.
15:30 of 2nd period - Shot Misses the Net.
15:32 of 2nd period - Slapshot by Luke Schenn.
15:32 of 2nd period - Shot Blocked by Mike Komisarek.
15:34 of 2nd period - Slapshot by Luke Schenn.
15:34 of 2nd period - Shot Misses the Net.
15:36 of 2nd period - Wrist shot by Andrei Kostitsyn.
15:36 of 2nd period - Stopped by Kari Lehtonen without a rebound.
15:37 of 2nd period - Brandon Sutter wins face-off versus Patrice Bergeron in Canucks zone.
15:37 of 2nd period - Brandon Sutter is hit by Milan Lucic.
16:09 of 2nd period - Off-side.
16:10 of 2nd period - Sean Couturier wins face-off versus Robert Nilsson in neutral zone.
16:46 of 2nd period - Snap shot by Kyle Okposo.
16:46 of 2nd period - Shot Misses the Net.
16:56 of 2nd period - Slapshot by Ryan Strome.
16:56 of 2nd period - Stopped by Kari Lehtonen with a rebound.
16:58 of 2nd period - Slapshot by Mark Fistric.
16:58 of 2nd period - Stopped by Kari Lehtonen without a rebound.
16:59 of 2nd period - Tomas Hertl wins face-off versus James Wright in Canucks zone.
17:04 of 2nd period - Wrist shot by Rostislav Olesz.
17:04 of 2nd period - Shot Misses the Net.
17:24 of 2nd period - Mike Komisarek is hit by Milan Lucic and loses puck.
17:51 of 2nd period - Snap shot by Spencer Machacek.
17:51 of 2nd period - Stopped by Frederik Andersen with a rebound.
17:55 of 2nd period - Snap shot by Lane MacDermid.
17:55 of 2nd period - Shot Blocked by Steve Quailer.
18:09 of 2nd period - Matt Delahey is hit by Loui Eriksson and loses puck.
18:33 of 2nd period - Minor Penalty to Rostislav Olesz for Holding.
18:34 of 2nd period - Robert Nilsson wins face-off versus Patrice Bergeron in Rangers zone.
18:36 of 2nd period - Snap shot by Robert Nilsson.
18:36 of 2nd period - Shot Blocked by Patrice Bergeron.
18:46 of 2nd period - Wrist shot by Robert Nilsson.
18:46 of 2nd period - Stopped by Frederik Andersen with a rebound.
18:48 of 2nd period - Slapshot by Loui Eriksson.
18:48 of 2nd period - Goal by Loui Eriksson - Rangers : 3 - Canucks : 1.
18:49 of 2nd period - Robert Nilsson wins face-off versus Patrice Bergeron in neutral zone.
18:57 of 2nd period - Snap shot by Milan Lucic.
18:57 of 2nd period - Deflect By Patrice Bergeron.
18:57 of 2nd period - Goal by Patrice Bergeron - Rangers : 4 - Canucks : 1.
18:58 of 2nd period - Robert Nilsson wins face-off versus Patrice Bergeron in neutral zone.
19:21 of 2nd period - Minor Penalty to Seth Helgeson for Hooking.
19:22 of 2nd period - Robert Nilsson wins face-off versus Patrice Bergeron in Canucks zone.
19:31 of 2nd period - Wrist shot by Kyle Okposo.
19:31 of 2nd period - Stopped by Kari Lehtonen without a rebound.
19:32 of 2nd period - Robert Nilsson wins face-off versus Patrice Bergeron in Canucks zone.
19:57 of 2nd period - Snap shot by Patrice Bergeron.
19:57 of 2nd period - Stopped by Kari Lehtonen without a rebound.
19:58 of 2nd period - Sean Couturier wins face-off versus Loui Eriksson in Canucks zone.
Goals for this period are 3 for Rangers vs 1 for Canucks.
Shots for this period are 11 for Rangers vs 8 for Canucks.
3rd period
0:01 of 3rd period - Robert Nilsson wins face-off versus Patrice Bergeron in neutral zone.
1:21 of 3rd period - Penalty to Seth Helgeson is over, Seth Helgeson is back on ice.
2:02 of 3rd period - Off-side.
2:03 of 3rd period - Patrice Bergeron wins face-off versus Brandon Sutter in neutral zone.
2:06 of 3rd period - Snap shot by Kyle Okposo.
2:06 of 3rd period - Shot Blocked by Brandon Sutter.
2:08 of 3rd period - Slapshot by Cam Barker.
2:08 of 3rd period - Shot Blocked by Brandon Sutter.
2:10 of 3rd period - Wrist shot by Patrice Bergeron.
2:10 of 3rd period - Shot Misses the Net.
2:51 of 3rd period - Slapshot by Luke Schenn.
2:51 of 3rd period - Shot Blocked by Ladislav Smid.
2:57 of 3rd period - Ryan Strome is hit by Ryane Clowe and loses puck.
3:05 of 3rd period - Icing by Ryan Strome.
3:06 of 3rd period - Maxime Sauvé wins face-off versus Rob Schremp in Rangers zone.
3:33 of 3rd period - Slapshot by Jeremy Morin.
3:33 of 3rd period - Shot Misses the Net.
3:35 of 3rd period - Wrist shot by Robert Nilsson.
3:35 of 3rd period - Shot Blocked by Luke Schenn.
3:37 of 3rd period - Snap shot by Jeremy Morin.
3:37 of 3rd period - Deflect By Robert Nilsson.
3:37 of 3rd period - Shot Misses the Net.
3:37 of 3rd period - Puck is out of play.
3:38 of 3rd period - Robert Nilsson wins face-off versus Patrice Bergeron in Rangers zone.
3:45 of 3rd period - Wrist shot by Jeremy Morin.
3:45 of 3rd period - Stopped by Frederik Andersen without a rebound.
3:46 of 3rd period - Patrice Bergeron wins face-off versus Robert Nilsson in Rangers zone.
3:51 of 3rd period - Snap shot by Dmitry Kulikov.
3:51 of 3rd period - Deflect By Patrice Bergeron.
3:51 of 3rd period - Shot Misses the Net.
3:51 of 3rd period - Puck is out of play.
3:52 of 3rd period - Patrice Bergeron wins face-off versus Robert Nilsson in Canucks zone.
3:53 of 3rd period - Snap shot by Milan Lucic.
3:53 of 3rd period - Shot Misses the Net.
3:55 of 3rd period - Wrist shot by Milan Lucic.
3:55 of 3rd period - Deflect By Patrice Bergeron.
3:55 of 3rd period - Shot Misses the Net.
3:55 of 3rd period - Puck is out of play.
3:56 of 3rd period - Patrice Bergeron wins face-off versus Jeremy Morin in Canucks zone.
4:02 of 3rd period - Minor Penalty to Jason Akeson for Holding.
4:03 of 3rd period - Robert Nilsson wins face-off versus Patrice Bergeron in Canucks zone.
6:02 of 3rd period - Penalty to Jason Akeson is over, Jason Akeson is back on ice.
6:18 of 3rd period - Dmitry Kulikov is hit by Rob Schremp and loses puck.
6:59 of 3rd period - Wrist shot by James Wright.
6:59 of 3rd period - Stopped by Frederik Andersen with a rebound.
7:01 of 3rd period - Slapshot by Kurtis Foster.
7:01 of 3rd period - Stopped by Frederik Andersen without a rebound.
7:02 of 3rd period - Loui Eriksson wins face-off versus Tomas Hertl in Rangers zone.
7:05 of 3rd period - Wrist shot by Loui Eriksson.
7:05 of 3rd period - Stopped by Frederik Andersen without a rebound.
7:06 of 3rd period - Tomas Hertl wins face-off versus Brandon Sutter in Rangers zone.
7:13 of 3rd period - Slapshot by Tomas Hertl.
7:13 of 3rd period - Shot Misses the Net.
7:15 of 3rd period - Slapshot by Patrik Nemeth.
7:15 of 3rd period - Deflect By Tomas Hertl.
7:15 of 3rd period - Shot Misses the Net.
7:15 of 3rd period - Puck is out of play.
7:16 of 3rd period - Robert Nilsson wins face-off versus Patrice Bergeron in Canucks zone.
7:31 of 3rd period - Slapshot by Jason Akeson.
7:31 of 3rd period - Shot Blocked by Cam Barker.
7:33 of 3rd period - Wrist shot by Robert Nilsson.
7:33 of 3rd period - Stopped by Frederik Andersen with a rebound.
9:14 of 3rd period - Wrist shot by James Wright.
9:14 of 3rd period - Stopped by Frederik Andersen with a rebound.
9:16 of 3rd period - Slapshot by Jonathan Blum.
9:16 of 3rd period - Stopped by Frederik Andersen without a rebound.
9:17 of 3rd period - Ryane Clowe wins face-off versus Sean Couturier in Rangers zone.
9:52 of 3rd period - Off-side.
9:53 of 3rd period - Patrice Bergeron wins face-off versus Robert Nilsson in neutral zone.
10:08 of 3rd period - Snap shot by Kyle Okposo.
10:08 of 3rd period - Stopped by Kari Lehtonen with a rebound.
10:20 of 3rd period - Rostislav Olesz is hit by Ladislav Smid and loses puck.
10:24 of 3rd period - Icing by Mark Fistric.
10:25 of 3rd period - Tomas Hertl wins face-off versus Rob Schremp in Rangers zone.
10:36 of 3rd period - Slapshot by Ladislav Smid.
10:36 of 3rd period - Stopped by Frederik Andersen with a rebound.
10:47 of 3rd period - Wrist shot by Rostislav Olesz.
10:47 of 3rd period - Deflect By Tomas Hertl.
10:47 of 3rd period - Shot Misses the Net.
10:47 of 3rd period - Puck is out of play.
10:48 of 3rd period - Patrice Bergeron wins face-off versus Robert Nilsson in Canucks zone.
10:49 of 3rd period - Slapshot by Milan Lucic.
10:49 of 3rd period - Stopped by Kari Lehtonen with a rebound.
10:52 of 3rd period - Icing by Seth Helgeson.
10:53 of 3rd period - Robert Nilsson wins face-off versus Patrice Bergeron in Canucks zone.
11:10 of 3rd period - Snap shot by Jason Akeson.
11:10 of 3rd period - Stopped by Frederik Andersen without a rebound.
11:11 of 3rd period - Sean Couturier wins face-off versus Brandon Sutter in Rangers zone.
11:19 of 3rd period - Minor Penalty to Andrei Kostitsyn for Hooking.
11:20 of 3rd period - Milan Lucic wins face-off versus Robert Nilsson in Rangers zone.
11:20 of 3rd period - Milan Lucic is hit by Robert Nilsson.
11:35 of 3rd period - Wrist shot by Milan Lucic.
11:35 of 3rd period - Shot Blocked by Robert Nilsson.
11:37 of 3rd period - Snap shot by Milan Lucic.
11:37 of 3rd period - Shot Blocked by Ladislav Smid.
13:19 of 3rd period - Penalty to Andrei Kostitsyn is over, Andrei Kostitsyn is back on ice.
13:34 of 3rd period - Snap shot by Cam Barker.
13:34 of 3rd period - Deflect By Milan Lucic.
13:34 of 3rd period - Shot Blocked by Jonathan Blum.
13:34 of 3rd period - Puck is out of play.
13:35 of 3rd period - Sean Couturier wins face-off versus Rob Schremp in Canucks zone.
13:42 of 3rd period - Slapshot by Steve Quailer.
13:42 of 3rd period - Shot Misses the Net.
14:53 of 3rd period - Off-side.
14:54 of 3rd period - Rob Schremp wins face-off versus Patrice Bergeron in neutral zone.
14:57 of 3rd period - Snap shot by Spencer Machacek.
14:57 of 3rd period - Stopped by Frederik Andersen with a rebound.
15:09 of 3rd period - Wrist shot by Milan Lucic.
15:09 of 3rd period - Shot Misses the Net.
15:21 of 3rd period - Slapshot by Steve Quailer.
15:21 of 3rd period - Stopped by Kari Lehtonen with a rebound.
15:23 of 3rd period - Wrist shot by Steve Quailer.
15:23 of 3rd period - Stopped by Kari Lehtonen without a rebound.
15:24 of 3rd period - Sean Couturier wins face-off versus Robert Nilsson in Canucks zone.
15:49 of 3rd period - Jason Akeson is hit by Andrei Kostitsyn.
15:57 of 3rd period - Wrist shot by Robert Nilsson.
15:57 of 3rd period - Shot Misses the Net.
16:17 of 3rd period - Wrist shot by Jason Akeson.
16:17 of 3rd period - Shot Hit the Post.
16:37 of 3rd period - Snap shot by Jeremy Morin.
16:37 of 3rd period - Shot Blocked by Luke Schenn.
16:39 of 3rd period - Snap shot by Jeremy Morin.
16:39 of 3rd period - Shot Blocked by Cam Barker.
16:41 of 3rd period - Snap shot by Robert Nilsson.
16:41 of 3rd period - Shot Misses the Net.
16:43 of 3rd period - Snap shot by Robert Nilsson.
16:43 of 3rd period - Stopped by Frederik Andersen with a rebound.
17:19 of 3rd period - Snap shot by Jeremy Morin.
17:19 of 3rd period - Stopped by Frederik Andersen without a rebound.
17:20 of 3rd period - Brandon Sutter wins face-off versus Patrice Bergeron in Rangers zone.
18:08 of 3rd period - Maxime Sauvé is hit by Rob Schremp and loses puck.
18:15 of 3rd period - Wrist shot by Chris Bourque.
18:15 of 3rd period - Shot Blocked by Jonathan Blum.
18:17 of 3rd period - Slapshot by Matt Delahey.
18:17 of 3rd period - Shot Blocked by Spencer Machacek.
18:55 of 3rd period - Icing by James Wright.
18:56 of 3rd period - Maxime Sauvé wins face-off versus James Wright in Canucks zone.
18:57 of 3rd period - Wrist shot by Chris Bourque.
18:57 of 3rd period - Stopped by Kari Lehtonen without a rebound.
18:58 of 3rd period - Patrice Bergeron wins face-off versus Brandon Sutter in Canucks zone.
19:30 of 3rd period - Snap shot by Ryan Strome.
19:30 of 3rd period - Stopped by Kari Lehtonen without a rebound.
19:31 of 3rd period - James Wright wins face-off versus Patrice Bergeron in Canucks zone.
19:48 of 3rd period - Cam Barker is hit by James Wright and loses puck.
Goals for this period are 0 for Rangers vs 0 for Canucks.
Shots for this period are 6 for Rangers vs 12 for Canucks.